 Dungeon Crawl Stone Soup version 0.30.1-11-g7821555f0a (webtiles) character file.

Game seed: 16129668806983518163

22105 lonewolfV2 the Blocker (level 13, -7/103 HPs)
             Began as a Formicid Fighter on Dec 4, 2023.
             Was an Elder of Qazlal.
             Mangled by Rupert
             ... wielding a +3 great mace of holy wrath
              (22 damage)
             ... on level 14 of the Dungeon.
             The game lasted 00:21:28 (16838 turns).

lonewolfV2 the Blocker (Formicid Fighter)          Turns: 16838, Time: 00:21:28

Health: -7/103     AC: 21    Str: 23    XL:     13   Next: 25%
Magic:  20/22      EV:  5    Int:  9    God:    Qazlal [****..]
Gold:   1017       SH:  0    Dex: 15    Spells: 12/12 levels left

rFire   + . .        a - +1 war axe (venom)
rCold   + . .        e - +2 tower shield
rNeg    . . .        B - +0 plate armour
rPois   .            (helmet unavailable)
rElec   .            s - +0 cloak
rCorr   .            F - +2 pair of gloves
SInv    +            k - +0 pair of boots
Will    +....        (no amulet) Stlth
                     u - ring of protection from cold
HPRegen 0.37/turn    H - ring of protection from fire
MPRegen 0.18/turn

%: repel missiles
@: confused, ambrosia-drunk
A: permanent stasis, dig shafts and tunnels, antennae 3, four strong arms
a: Dig, Shaft Self, Renounce Religion, Upheaval, Elemental Force


You were on level 14 of the Dungeon.
You worshipped Qazlal.
Qazlal was greatly pleased with you.
You visited 2 branches of the dungeon, and saw 15 of its levels.
You also visited: Sewer.

You collected 1248 gold pieces.
You spent 231 gold pieces at shops.

Inventory:

Hand Weapons
 a - a +1 war axe of venom (weapon)
 C - a +0 battleaxe
 J - the +10 long sword of Propriety {pain, rC++ Int+3 Dex+2}
   (You found it on level 12 of the Dungeon)

   Int:       It affects your intelligence (+3).
   Dex:       It affects your dexterity (+2).
   rC:        It greatly protects you from cold.
Missiles
 c - 3 throwing nets
Armour
 e - a +2 tower shield (worn)
 k - a +0 pair of boots (worn)
 s - a +0 cloak (worn)
 B - a +0 plate armour (worn)
 F - a +2 pair of gloves (worn)
Jewellery
 t - a ring of wizardry
 u - a ring of protection from cold (left hand)
 H - a ring of protection from fire (right hand)
Wands
 n - a wand of digging (12)
 o - a wand of polymorph (2)
 q - a wand of roots (1)
 v - a wand of quicksilver (10)
 G - a wand of charming (5)
Scrolls
 x - a scroll of amnesia
 y - a scroll of fear
 A - a scroll of magic mapping
 D - 5 scrolls of blinking
 K - a scroll of poison
 L - a scroll of silence
Potions
 b - 3 potions of berserk rage
 d - 2 potions of might
 f - 8 potions of curing
 g - 2 potions of haste
 h - 2 potions of lignification
 i - a potion of cancellation
 j - 4 potions of brilliance
 l - 2 potions of mutation
 r - 3 potions of flight
 w - 3 potions of attraction
 z - 3 potions of degeneration
 I - a potion of invisibility
Miscellaneous
 E - a tin of tremorstones (1/2)


   Skills:
 - Level 10.1 Fighting
 + Level 10.0 Axes
 - Level 11.4 Armour
 - Level 13.5 Shields
 + Level 12.8 Invocations


You had 12 spell levels left.
You didn't know any spells.
Your spell library contained the following spells:

 Spells                   Type           Power      Damage    Failure   Level
 Ensorcelled Hibernation  Hex/Ice        0%         N/A       100%        2
 Passwall                 Tmut/Erth      0%         N/A       100%        2
 Scorch                   Fire           0%         2d5       100%        2
 Sublimation of Blood     Necr           0%         N/A       100%        2
 Dazzling Flash           Conj/Hex       0%         N/A       100%        3
 Gell's Gravitas          Tloc           0%         N/A       100%        3
 Ozocubu's Armour         Ice            0%         N/A       100%        3
 Stone Arrow              Conj/Erth      0%         3d7       100%        3
 Teleport Other           Tloc           0%         N/A       100%        3
 Volatile Blastmotes      Fire/Tloc      0%         2d10      100%        3
 Animate Armour           Summ/Erth      0%         N/A       100%        4
 Flame Wave               Conj/Fire      0%         2d4       100%        4
 Iskenderun's Mystic Bla  Conj/Tloc      0%         2d3       100%        4
 Petrify                  Tmut/Erth      0%         N/A       100%        4
 Irradiate                Conj/Tmut      0%         3d11      100%        5
 Dispersal                Tloc           0%         N/A       100%        6
 Starburst                Conj/Fire      0%         6d3       100%        6
 Summon Cactus Giant      Summ           0%         N/A       100%        6
 Ozocubu's Refrigeration  Ice            0%         4d7       100%        7
 Lehudib's Crystal Spear  Conj/Erth      0%         10d2      100%        8
 Swiftness                Air            Unusable   N/A       N/A         3

Dungeon Overview and Level Annotations

Branches:
Dungeon (14/15)            Temple (1/1) D:5            Lair (0/5) D:9
    Orc (0/2) D:12         Vaults (0/5) D:14          Sewer (visited)

Altars:
Ashenzari
Cheibriados
Dithmenos
Elyvilon
Fedhas
Gozag
Hepliaklqana
Kikubaaqudgha
Makhleb
Nemelex Xobeh
Okawaru
Qazlal
Ru
Sif Muna
Trog
Uskayaw
Vehumet
Wu Jian
Xom
Yredelemnul
Zin
The Shining One
Jiyva

Shops:
D:5 ?   D:7 !   D:11 *

Annotations:
D:8 3 runed translucent doors, bnorton916's ghost, novice DEFE
D:9 2 transporters
D:14 Nessos; Rupert


Innate Abilities, Weirdness & Mutations

You cannot be hasted, slowed, berserked, paralysed or teleported.
You can dig through walls and to a lower floor.
You have a pair of large antennae on your head. (SInv)
Your four strong arms can wield two-handed weapons with a shield.


Message History

Rupert barely misses you.
Nessos shoots an arrow.
You block the arrow.
A human comes into view.
You feel better.
Nessos gestures wildly while chanting.
Nessos blinks!
You block Rupert's attack.
Nessos shoots an arrow.
The arrow hits your earth elemental.
Rupert hits you with a +3 great mace of holy wrath.
* * * LOW HITPOINT WARNING * * *
Nessos shoots an arrow.
The arrow hits your earth elemental.
You feel much better.
Nessos shoots an arrow.
The arrow hits your earth elemental!! You block Rupert's attack.
Nessos gestures wildly while chanting.
Nessos blinks!
You swap places.
Nessos shoots an arrow.
You block the arrow.
Rupert hits your earth elemental with a +3 great mace of holy wrath!!!
Your earth elemental is destroyed!
Your earth elemental disappears in a puff of smoke!
Your fire elemental hits Rupert.
Your fire elemental burns Rupert!
Nessos shoots an arrow.
You block the arrow.
Rupert hits your fire elemental with a +3 great mace of holy wrath!!!
Your fire elemental is destroyed!
Your fire elemental disappears in a puff of smoke!
Aiming: Upheaval
Press: ? - help, Dir - move target, f - Nessos
Aim: Nessos, wielding a +1 longbow of flaming and wearing a +0 barding (moderately wounded, fast, poisoned)
A blizzard blasts the area with ice!
The blast of ice hits Nessos!!
Nessos is heavily wounded.
Nessos is flash-frozen.
Rupert shouts!
Nessos shoots an arrow.
The arrow hits you.
* * * LOW HITPOINT WARNING * * *
Your earth elemental completely misses Rupert.
You are confused.
You feel invigorated.
Nessos shoots an arrow.
The arrow hits you!
* * * LOW HITPOINT WARNING * * *
The arrow burns you.
* * * LOW HITPOINT WARNING * * *
Rupert hits you with a +3 great mace of holy wrath!!
You die...

#..#.........# {
#..#.##.###..###
{ {
......##.##.....#
∩
##..####.#......#
{ .. #...
#........# {{{.p.
#... ...#.^....##
{{{{.. .
...###c..○°.##
p{pp.. ...
#...○○..##pppQ*.
.. #.....@@p.p#
#.....E†####
##....°## ##...##
##.## #. #. #.


You could see Rupert (berserk, very poisoned, ally target), Nessos (fast,
frozen, poisoned), 6 humans, a tengu conjurer and a friendly earth elemental
(summoned).

Vanquished Creatures
  A centaur warrior (D:13)
  2 boulder beetles
  3 two-headed ogres
  Urug (D:10)
  3 deep elf pyromancers
  An orc knight (D:13)
  3 ugly things (D:14)
  A manticore (D:12)
  2 gargoyles
  2 unseen horrors
  3 kobold demonologists
  5 trolls
  2 shadows
  2 wyverns
  9 yaks
  2 vampires (D:12)
  2 humans (D:14)
  6 steam dragons
  2 vampire mosquitoes (D:12)
  3 acid dragons
  A water moccasin (D:6)
  Pargi (Sewer)
  10 orc warriors
  A sky beast (D:6)
  A black bear (shapeshifter) (D:8)
  A black bear (D:6)
  4 ice beasts
  4 ogres
  2 centaurs
  5 kobold brigands
  2 gnoll sergeants
  5 bullfrogs
  3 scorpions
  16 killer bees
  10 howler monkeys
  A jelly (D:7)
  6 orc priests
  A gnoll bouda (D:5)
  4 hounds
  6 iguanas
  10 orc wizards
  A sleepcap (D:5)
  11 gnolls
  8 adders
  2 shadow imps
  5 worms
  2 dart slugs (D:5)
  49 orcs
  9 bats
  8 endoplasms
  5 giant cockroaches
  14 goblins
  9 hobgoblins
  4 jackals
  3 quokkas
  10 ball pythons
  4 frilled lizards
  17 kobolds
  8 rats
318 creatures vanquished.

Vanquished Creatures (others)
  An orc wizard (D:9)
  A kobold (D:7)
2 creatures vanquished.

Grand Total: 320 creatures vanquished

Notes
Turn   | Place    | Note
-------+----------+-------------------------------------------
     0 | D:1      | lonewolfV2 the Formicid Fighter began the quest for the
                  | Orb.
     0 | D:1      | Reached XP level 1. HP: 18/18 MP: 1/1
   145 | D:1      | Reached XP level 2. HP: 23/24 MP: 2/2
   347 | D:1      | Reached XP level 3. HP: 29/30 MP: 3/3
  1026 | D:2      | Reached XP level 4. HP: 28/38 MP: 4/4
  1097 | D:2      | You fall into a shaft and drop 1 floor!
  1190 | D:3      | Reached XP level 5. HP: 24/43 MP: 5/5
  1791 | D:2      | Reached skill level 5 in Fighting
  2246 | D:3      | Noticed a kobold brigand
  2255 | D:3      | Killed a kobold brigand
  2256 | D:3      | Reached XP level 6. HP: 51/51 MP: 6/6
  2585 | D:4      | Found a blossoming altar of Fedhas.
  2694 | D:4      | Noticed an ogre
  2700 | D:4      | Killed an ogre
  3147 | D:4      | Found a shadowy altar of Dithmenos.
  3789 | D:5      | Entered Level 5 of the Dungeon
  3863 | D:5      | Found Rasch's Magic Scroll Boutique.
  3915 | D:5      | Reached skill level 5 in Axes
  3915 | D:5      | Reached XP level 7. HP: 37/58 MP: 7/7
  4297 | D:5      | Found a radiant altar of Vehumet.
  4301 | D:5      | Found a sparkling altar of Nemelex Xobeh.
  4306 | D:5      | Found an ornate altar of the Wu Jian Council.
  4411 | D:5      | Found a staircase to the Ecumenical Temple.
  4428 | Temple   | Entered the Ecumenical Temple
  4458 | Temple   | Became a worshipper of Qazlal Stormbringer
  4537 | D:5      | Reached XP level 8. HP: 34/67 MP: 8/8
  4915 | D:5      | Identified the +6 dagger "Ultimatum" {freeze, rF+}
  5753 | D:6      | Found a glowing drain.
  5774 | Sewer    | Entered a sewer
  5785 | Sewer    | Reached * piety under Qazlal
  5811 | Sewer    | Noticed Pargi
  5825 | Sewer    | Killed Pargi
  6022 | D:6      | Found an opulent altar of Gozag.
  6082 | D:6      | Reached skill level 1 in Invocations
  6082 | D:6      | Reached XP level 9. HP: 73/75 MP: 8/10
  6202 | D:6      | Reached skill level 5 in Shields
  6396 | D:6      | Found a snail-covered altar of Cheibriados.
  6396 | D:6      | Found a shimmering blue altar of Sif Muna.
  6404 | D:6      | Found a faded altar of an unknown god.
  6414 | D:6      | Found a shimmering altar of Xom.
  6416 | D:6      | Found a faded altar of an unknown god.
  6571 | D:6      | Reached skill level 5 in Invocations
  6915 | D:7      | Reached skill level 6 in Shields
  7628 | D:7      | Found Tunesa's Distillery.
  7654 | D:7      | Reached skill level 7 in Shields
  7870 | D:7      | Reached XP level 10. HP: 77/82 MP: 15/15
  8469 | D:7      | Reached skill level 10 in Armour
  8469 | D:7      | Reached XP level 11. HP: 87/87 MP: 17/17
  8503 | D:8      | Reached ** piety under Qazlal
  8576 | D:8      | Found a runed translucent gate.
  8576 | D:8      | Found a runed translucent gate.
  8576 | D:8      | Found a runed translucent gate.
  8578 | D:8      | Noticed bnorton916's ghost (novice DEFE)
  8620 | D:8      | Noticed a two-headed ogre
  8627 | D:8      | Killed a two-headed ogre
  8787 | D:8      | Identified the +2 robe of Meipsida {Dex+2 Slay+3}
  8951 | D:8      | Found a hazy altar of Hepliaklqana.
  9160 | D:8      | Noticed a two-headed ogre
  9181 | D:8      | Killed a two-headed ogre
  9579 | D:8      | Found a bloodstained altar of Trog.
  9596 | D:8      | Found a viscous altar of Jiyva.
  9672 | D:9      | Found a staircase to the Lair.
 10082 | D:9      | Reached *** piety under Qazlal
 10229 | D:9      | Found an ancient bone altar of Kikubaaqudgha.
 10638 | D:9      | Found a transporter.
 10639 | D:9      | Noticed a boulder beetle
 10645 | D:9      | Found a transporter.
 10816 | D:9      | Found a glowing silver altar of Zin.
 10850 | D:9      | Found a basalt altar of Yredelemnul.
 10874 | D:10     | Entered Level 10 of the Dungeon
 10905 | D:10     | Reached skill level 10 in Invocations
 11241 | D:10     | Noticed Urug
 11248 | D:10     | Killed Urug
 11249 | D:10     | Reached skill level 10 in Fighting
 11263 | D:10     | Reached XP level 12. HP: 69/97 MP: 19/19
 11676 | D:10     | Found a shadowy altar of Dithmenos.
 12405 | D:11     | Reached skill level 8 in Shields
 13041 | D:11     | Found Haodweeg's General Store.
 13056 | D:11     | Bought a +2 pair of gloves for 231 gold pieces
 13635 | D:12     | Reached skill level 9 in Shields
 13899 | D:12     | Noticed a boulder beetle
 13915 | D:12     | Killed a boulder beetle
 14153 | D:12     | Reached skill level 10 in Shields
 15062 | D:12     | Found a staircase to the Orcish Mines.
 15325 | D:12     | Identified the +10 long sword of Propriety {pain, rC++
                  | Int+3 Dex+2}
 15422 | D:13     | Noticed a boulder beetle
 15430 | D:13     | Killed a boulder beetle
 15431 | D:13     | Reached skill level 11 in Shields
 15719 | D:13     | Noticed a centaur warrior
 15740 | D:13     | Killed a centaur warrior
 16029 | D:13     | Identified the +3 dagger "Ophefonk" {flame, rElec rC-
                  | rCorr}
 16189 | D:13     | Reached **** piety under Qazlal
 16191 | D:13     | Reached skill level 12 in Shields
 16207 | D:13     | Reached XP level 13. HP: 35/103 MP: 22/22
 16751 | D:14     | Reached skill level 13 in Shields
 16819 | D:14     | Found a gate to the Vaults.
 16819 | D:14     | Noticed Nessos
 16823 | D:14     | Noticed Rupert
 16833 | D:14     | Reached skill level 10 in Axes
 16838 | D:14     | Mangled by Rupert

Illustrated notes

Levels and vault maps discovered:
D:1:      lemuel_arrival_rhombus, layout_basic
D:2:      minmay_chambers_of_twos, layout_rooms, nicolae_titane
D:3:      layout_basic, st_stairs_1
D:4:      layout_loops_ring, fedhas_altar_fruit_tree, minmay_tree_intersection,
          minmay_ruined_shrine
D:5:      layout_basic, grunt_temple_overflow_diamond,
          minmay_temple_entry_mini_moons, serial_shops,
          nicolae_shop_competitors_out_of_business
D:6:      layout_rooms, nicolae_gozag_seed_capital,
          chequers_temple_overflow_minitemple, cheibrodos_sewer_entry_bend
D:7:      layout_loops_ring, serial_shops, shop
D:8:      nicolae_cairo_tiling, layout_rooms, trog_book, general_overflow_altar,
          gammafunk_ghost_ooze, grunt_ministairs_12, grunt_ogre_cave
D:9:      kennysheep_blocky_hall, layout_basic, zin_statuary,
          gammafunk_temple_overflow_arena,
          mainiacjoe_overflow_concentric_impassable
D:10:     layout_irregular_city, grunt_dithmenos_shadows, enter_bailey_5,
          uniq_urug
D:11:     layout_loops_corners, serial_shops, nicolae_shop_statue_plus
D:12:     layout_roguey, orc_0_dummy, minivault_10
D:13:     layout_roguey [special_room_orc], dk_noncrumbling_2
D:14:     kennysheep_large_spiral, layout_loops_cross, david_vaults_3
Temple:   hellmonk_temple_of_storms

Skill      XL: |  1  2  3  4  5  6  7  8  9 10 11 12 13 |
---------------+----------------------------------------+-----
Fighting       | 4 5 6 7 8 10 | 10.1
Axes           | 3 4 5 6 7 9 10 | 10.0
Invocations    | 1 7 8 10 12 | 12.8
Shields        | 7 12 13 | 13.5
Armour         | 10 11 | 11.4

Action                     |  1- 3 |  4- 6 |  7- 9 | 10-12 | 13-15 || total
---------------------------+-------+-------+-------+-------+-------++-------
  Melee: War axe           |    81 |   136 |   181 |   495 |    70 ||   963
 Invoke: Upheaval          |       |       |       |       |     1 ||     1
         Elemental Force   |       |       |       |       |     1 ||     1
  Evoke: Wand              |       |       |       |     4 |       ||     4
         Tin of tremorston |       |       |       |     1 |       ||     1
    Use: Scroll            |     2 |     5 |     5 |    12 |     1 ||    25
         Potion            |       |       |     6 |     6 |     6 ||    18
 Armour: Scale mail        |    44 |    49 |       |       |       ||    93
         Chain mail        |       |     2 |   107 |     1 |       ||   110
         Plate armour      |       |       |       |   210 |    20 ||   230
  Dodge: Dodged            |    46 |    30 |    61 |    58 |    10 ||   205
  Block: Buckler           |    28 |       |       |       |       ||    28
         Tower shield      |     5 |   109 |   211 |   603 |    84 ||  1012
